 Dungeon Crawl Stone Soup version 0.27-a0-1090-gb115f176c6 (webtiles) character file.

Game seed: 13038449721699877131

55 voltaire321 the Ducker (level 3, -1/28 HPs)
             Began as a Demonspawn Gladiator on Apr 27, 2021.
             Slain by an orc
             ... wielding a +0 trident
              (3 damage)
             ... on level 3 of the Dungeon.
             The game lasted 00:04:23 (1883 turns).

voltaire321 the Ducker (Demonspawn Gladiator)       Turns: 1883, Time: 00:04:24

Health: -1/28      AC:  4    Str: 14    XL:     3   Next: 67%
Magic:  4/4        EV: 12    Int:  9    God:
Gold:   77         SH:  4    Dex: 15    Spells: 4/4 levels left

rFire    . . .     SeeInvis .   a - +0 long sword
rCold    . . .     Faith    .   e - +0 buckler
rNeg     . . .     Spirit   .   b - +0 leather armour
rPois    .         Reflect  .   c - +0 helmet
rElec    .         Harm     .   (no cloak)
rCorr    .         Rampage  .   (no gloves)
Will     .....                  (no boots)
Stlth    +.........             (no amulet)
HPRegen  0.09/turn              (no ring)
MPRegen  0.18/turn              (no ring)

@: no status effects
A: powered by pain 1, magic regeneration
a: no special abilities


You were on level 3 of the Dungeon.
You visited 1 branch of the dungeon, and saw 3 of its levels.

You collected 77 gold pieces.

Inventory:

Hand Weapons
 a - a +0 long sword (weapon)
Missiles
 d - 3 throwing nets (quivered)
 g - 14 poisoned darts
Armour
 b - a +0 leather armour (worn)
 c - a +0 helmet (worn)
 e - a +0 buckler (worn)
Wands
 l - a wand of flame (18)
Scrolls
 f - 2 scrolls of amnesia {unknown}
 i - a scroll of fog {unknown}
 j - a scroll of magic mapping {unknown}
 k - a scroll of teleportation {unknown}
 n - a scroll of identify {unknown}
 o - a scroll of acquirement {unknown}
 p - a scroll of enchant weapon {unknown}
 r - a scroll of brand weapon {unknown}
Potions
 h - a potion of attraction {unknown}
 m - a potion of heal wounds {unknown}
 q - a potion of might {unknown}


   Skills:
 + Level 2.4 Fighting
 + Level 3.0 Long Blades
 + Level 2.2 Throwing
 + Level 3.0 Dodging
 + Level 0.9 Shields
 - Level 1.0 Spellcasting


You had 4 spell levels left.
You didn't know any spells.
Your spell library was empty.

Dungeon Overview and Level Annotations

Branches:
Dungeon (3/15)

Altars:


Innate Abilities, Weirdness & Mutations

You sometimes gain a little power by taking damage.
You regenerate magic rapidly.


Message History

A frilled lizard comes into view.
The frilled lizard hisses angrily.
You hit the frilled lizard.
You kill the frilled lizard!
An orc comes into view. It is wielding a +0 flail.
A hobgoblin and an orc come into view.
The hobgoblin shouts!
The orc throws a stone.
You block the stone.
The orc throws a stone.
The stone hits you but does no damage.
An orc comes into view. It is wielding a +0 club.
You hit the orc.
The orc is almost dead.
The orc closely misses you.
You closely miss the orc.
The orc is almost dead.
The orc misses you.
You riposte.
You hit the orc but do no damage.
The orc is almost dead.
The orc hits you from afar with a +0 trident.
The orc hits you but does no damage.
The orc hits you from afar with a +0 trident.
You closely miss the orc.
The orc is almost dead.
The orc barely misses you.
You closely miss the orc.
The orc is almost dead.
The orc hits you from afar with a +0 trident.
The orc barely misses you.
You riposte.
You hit the orc.
You kill the orc!
The orc closely misses you.
You riposte.
You hit the orc but do no damage.
Items here: $ ( ) †.
You hit the orc.
The orc is heavily wounded.
The orc hits you with a +0 trident!
* * * LOW HITPOINT WARNING * * *
The orc hits you with a +0 trident.
* * * LOW HITPOINT WARNING * * *
You barely miss the orc.
The orc is heavily wounded.
The orc hits you with a +0 trident.
You die...

.....###.(# #o.##
......)..# #...##
.†..###..# #..# # ....#
##.##########.#.# ....#
#..............#
....#....##.####......#
(...#.##.##.# ##g#####
....# #.##.#####o#
...## #........@.#
...## ####.##.####
....# ....#.# ###.#
###..#.# ###.#
#####..#.# ...<#
#......#.#
##.####.####.#.#
...)...<.....#.#
.#.###########.#


You could see an orc and a hobgoblin.

Vanquished Creatures
  3 adders
  An orc (D:3)
  2 ball pythons
  4 bats
  2 endoplasms
  5 goblins
  A hobgoblin (D:2)
  A quokka (D:3)
  3 frilled lizards
  3 kobolds
  3 rats
28 creatures vanquished.

Notes
Turn   | Place    | Note
-------+----------+-------------------------------------------
     0 | D:1      | voltaire321 the Demonspawn Gladiator began the quest for
                  | the Orb.
     0 | D:1      | Reached XP level 1. HP: 16/16 MP: 1/1
   771 | D:1      | Gained mutation: You sometimes gain a little power by
                  | taking damage. [demonic ancestry]
   771 | D:1      | Reached XP level 2. HP: 22/22 MP: 2/2
  1488 | D:2      | Gained mutation: You regenerate magic rapidly. [demonic
                  | ancestry]
  1488 | D:2      | Reached XP level 3. HP: 27/27 MP: 4/4
  1574 | D:2      | Reached skill level 1 in Spellcasting
  1882 | D:3      | HP: 1/28 [orc/+0 trident (5)]
  1883 | D:3      | Slain by an orc

Illustrated notes

Levels and vault maps discovered:
D:1:      dpeg_arrival_three_bigger_balls, layout_rooms, hex_medium,
          minmay_misc_feat_nine_boxes, minmay_fountain_box
D:2:      layout_loops_cross
D:3:      layout_basic, minmay_misc_feat_square, st_stairs_1,
          guppyfry_early_orc_mine, uniq_crazy_yiuf_cottage, uniq_jessica

Skill      XL: |  1  2  3 |
---------------+----------+-----
Throwing       | 2 |  2.2
Dodging        | 3 |  3.0
Spellcasting   | 1 |  1.0
Long Blades    | 3 |  3.0
Fighting       | |  2.4
Shields        | |  0.9

Action                   || total
-------------------------++-------
Melee: Long sword        ||    72
 Stab: Sleeping          ||     2
Armor: Leather armour    ||    22
Dodge: Dodged            ||    46
Block: Buckler           ||    11
       Rpst.: Long sword ||    14

Table legend: (Time is in decaauts)
 A = Elapsed time spent in this place.
 B = Non-inter-level travel time spent in this place.
 C = Inter-level travel time spent in this place.
 D = Time resting spent in this place.
 E = Time spent auto-exploring this place.
 F = Levels seen in this place.
 G = Mean time per level.
                   A        B        C        D        E       F      G
               +--------+--------+--------+--------+--------+-----+--------+
         Total |   1905 |   1852 |     53 |    320 |   1263 |   3 |  635.0 |
       Dungeon |   1905 |   1852 |     53 |    320 |   1263 |   3 |  635.0 |
               +--------+--------+--------+--------+--------+-----+--------+

Top non-repeatable levels by time:
     D:2: 927 daAuts
     D:1: 877 daAuts
     D:3: 100 daAuts
